 Dungeon Crawl Stone Soup version 0.13.1-2-gfb2c2b7 (webtiles) character file.

179 Mitsuki the Shield-Bearer (level 5, 0/46 HPs)
             Began as a Minotaur Fighter on Dec 3, 2013.
             Succumbed to a kobold's curare-tipped needle
             ... on Level 3 of the Dungeon.
             The game lasted 00:11:11 (1560 turns).

Mitsuki the Shield-Bearer (Minotaur Fighter)        Turns: 1560, Time: 00:11:11

HP   0/46        AC  7     Str 21      XL: 5   Next:  2%
MP   1/1         EV  7     Int  5      God:
Gold 39          SH 20     Dex 10      Spells:  0 memorised,  4 levels left

Res.Fire  : . . .   See Invis. : .   a - +0 trident
Res.Cold  : . . .   Warding    : .   b - +0 scale mail
Life Prot.: . . .   Conserve   : .   c - +0 shield
Res.Poison: .       Res.Corr.  : .   (helmet restricted)
Res.Elec. : .       Clarity    : .   (no cloak)
Sust.Abil.: . .     Spirit.Shd : .   (no gloves)
Res.Mut.  : .       Stasis     : .   (no boots)
Res.Rott. : .       Flight     : .   (no amulet)
Saprovore : . . .                    (no ring)
                                     f - cursed ring of hunger {unknown}

@: short of breath, very poisoned, slowed, very slow, slightly resistant to
hostile enchantments, extremely unstealthy
A: retaliatory headbutt, horns 2
a: no special abilities


You were on level 3 of the Dungeon.
You were not hungry.

You visited 1 branch of the dungeon, and saw 4 of its levels.

You collected 96 gold pieces.
You spent 77 gold pieces at shops.

Inventory:

Hand weapons
 a - a +0,+0 trident (weapon)
Armour
 b - a +0 scale mail (worn)
 c - a +0 shield (worn)
 l - a +1 buckler
Comestibles
 n - a bread ration
 q - 15 grapes
Scrolls
 d - a scroll of identify {unknown}
 j - a scroll of enchant armour
 k - 4 scrolls of remove curse
Jewellery
 e - an uncursed ring of ice
 f - a cursed ring of hunger (left hand) {unknown}
 i - an uncursed ring of magical power
 r - an uncursed ring of teleportation
Potions
 h - a potion of flight {unknown}
 o - a potion of curing {unknown}
 p - a potion of restore abilities {unknown}


   Skills:
 + Level 4.3 Fighting
 + Level 3.3 Polearms
 + Level 4.7 Armour
 + Level 1.0 Dodging
 + Level 4.9 Shields


You had 4 spell levels left.
You didn't know any spells.

Dungeon Overview and Level Annotations

Branches:
Dungeon (4/27)
 Temple: D:4-7

Altars:
Yredelemnul

Shops:
D:4 [


Innate Abilities, Weirdness & Mutations

You reflexively headbutt those who attack you in melee.
You have a pair of horns on your head.


Message History

You see here a curare-tipped needle.
You are too injured to fight recklessly!
* * * LOW HITPOINT WARNING * * *
You feel sick.
The kobold unwields an uncursed blowgun.
You block the kobold's attack.
You hit the kobold.
You kill the kobold!
* * * LOW HITPOINT WARNING * * *
You feel sick.
* * * LOW HITPOINT WARNING * * *
You feel very sick.
You see here an uncursed blowgun.
* * * LOW HITPOINT WARNING * * *
You feel sick.
You start resting.
* * * LOW HITPOINT WARNING * * *
You feel very sick.
You start resting.
You die...

#############
#...........#
#.......?...############
#.>.....................
#.....)@((((((..........
#..............%........
#..................#####
#..................#
##+#....#+###..........
#.####. #...........
#..... #...........
#....# #...........
#....# #...........


There were no monsters in sight!

Vanquished Creatures
  An iguana (D:4)
  Ijyb (D:3)
  2 adders (D:2)
  A worm (D:2)
  2 orcs (D:3)
  7 bats
  6 giant cockroaches
  7 goblins
  10 hobgoblins
  7 jackals
  13 kobolds
  An ooze (D:2)
  2 giant geckos (D:1)
  2 giant newts
  5 rats
67 creatures vanquished.

Notes
Turn   | Place    | Note
--------------------------------------------------------------
     0 | D:1      | Mitsuki, the Minotaur Fighter, began the quest for the Orb.
     0 | D:1      | Reached XP level 1. HP: 19/19 MP: 0/0
    63 | D:1      | Reached skill level 4 in Shields
    63 | D:1      | Reached XP level 2. HP: 23/26 MP: 0/0
   303 | D:1      | Reached XP level 3. HP: 31/33 MP: 1/1
   848 | D:2      | Reached XP level 4. HP: 37/40 MP: 1/1
  1273 | D:3      | Noticed Ijyb
  1295 | D:3      | Killed Ijyb
  1406 | D:4      | Reached skill level 1 in Dodging
  1453 | D:4      | Found Meschia's Antique Armour Boutique.
  1463 | D:4      | Bought a glowing buckler for 77 gold pieces
  1507 | D:3      | Found a basalt altar of Yredelemnul.
  1528 | D:3      | Reached XP level 5. HP: 46/46 MP: 1/1
  1559 | D:3      | HP: 2/46 [poisoned by a kobold (curare-tipped needle)]
  1560 | D:3      | Succumbed to a kobold's curare-tipped needle

Action                   |  1- 3 |  4- 6 || total
-------------------------+-------+-------++-------
Melee: Trident           |   124 |    77 ||   201
  Use: Scroll            |     1 |     7 ||     8
